 Dungeon Crawl Stone Soup version 0.22-a0-525-gf69a080 (webtiles) character file.

10526 kae the Arsonist (level 11, -2/66 HPs)
             Began as a Tengu Fire Elementalist on June 20, 2018.
             Was a Believer of Vehumet.
             Slain by a vampire (13 damage)
             ... on level 11 of the Dungeon.
             The game lasted 00:17:46 (15896 turns).

kae the Arsonist (Tengu Fire Elementalist)         Turns: 15896, Time: 00:17:46

Health: -2/66      AC:  3    Str: 11    XL:     11   Next: 63%
Magic:  14/21      EV: 15    Int: 19    God:    Vehumet [**....]
Gold:   578        SH:  0    Dex: 14    Spells: 6/22 levels left

rFire    . . .     SeeInvis .   r - staff of energy
rCold    . . .     Gourm    .   (no shield)
rNeg     . . .     Faith    .   a - +1 robe
rPois    .         Spirit   .   (helmet restricted)
rElec    .         Reflect  .   (no cloak)
rCorr    .         Harm     .   (no gloves)
MR       .....                  (boots unavailable)
Stlth    ++........             (no amulet)
HPRegen  0.21/turn              m - +2 ring of strength
MPRegen  0.17/turn              (no ring)

@: no status effects
A: beak, talons 3, able to fly 1
a: Fly, Renounce Religion


You were on level 11 of the Dungeon.
You worshipped Vehumet.
Vehumet was pleased with you.
You were hungry.

You visited 2 branches of the dungeon, and saw 12 of its levels.
You also visited: Sewer.

You collected 578 gold pieces.

Inventory:

Hand Weapons
 h - a +0 short sword
 n - a +1 spear
Armour
 a - a +1 robe (worn)
Magical Staves
 r - an uncursed staff of energy (weapon)
 w - an uncursed staff of wizardry
Jewellery
 m - a +2 ring of strength (left hand)
 o - an uncursed amulet of harm
 p - an uncursed amulet of regeneration {unknown}
 q - an uncursed ring of magical power {unknown}
 s - an uncursed amulet of rage {unknown}
 z - a +4 ring of intelligence {unknown}
 C - an uncursed ring of magical power {unknown}
Wands
 g - a wand of flame (67)
 j - a wand of iceblast (10)
 x - a wand of paralysis (12)
Scrolls
 f - a scroll of blinking
 i - 5 scrolls of remove curse
 t - 2 scrolls of amnesia
 u - 3 scrolls of enchant weapon
 y - a scroll of random uselessness {unknown}
 A - a scroll of identify
 B - a scroll of teleportation
 D - a scroll of fear {unknown}
Potions
 b - a potion of resistance {unknown}
 k - a potion of ambrosia
 l - 3 potions of flight
 v - 3 potions of brilliance
 E - a potion of agility {unknown}
 F - a potion of magic {unknown}
Comestibles
 c - 22 rations


   Skills:
 + Level 6.6 Fighting
 + Level 6.7 Staves
 + Level 5.9 Dodging
 - Level 2.0 Stealth
 + Level 6.3 Spellcasting
 + Level 8.8 Conjurations
 * Level 10.9 Fire Magic
 + Level 6.0 Evocations


You had 6 spell levels left.
You knew the following spells:

 Your Spells              Type           Power        Failure   Level  Hunger
a - Flame Tongue          Conj/Fire      #####        1%          1    None
b - Throw Flame           Conj/Fire      #####.       1%          2    None
c - Conjure Flame         Conj/Fire      #####...     1%          3    None
d - Sticky Flame          Conj/Fire      #####...     1%          4    None
e - Fireball              Conj/Fire      #####.....   4%          5    None
f - Magic Dart            Conj           ####         1%          1    None

Your spell library contained the following spells:

 Spells                   Type           Power        Failure   Level  Hunger
 Confuse                  Hex            #.......     32%         3    None
 Confusing Touch          Hex            #.....       11%         1    None
 Metabolic Englaciation   Hex/Ice        #.........   96%         5    None
 Petrify                  Tmut/Erth      #.......     71%         4    None
 Inner Flame              Hex/Fire       ####....     3%          3    None
 Gell's Gravitas          Tloc           #.........   32%         3    None
 Yara's Violent Unravell  Hex/Tmut       #.........   96%         5    None


Dungeon Overview and Level Annotations

Branches:
Dungeon (11/15)            Temple (1/1) D:5            Lair (0/6) D:9
    Orc (0/2) D:9

Altars:
Ashenzari
Cheibriados
Dithmenos
Elyvilon
Fedhas
Gozag
Hepliaklqana
Kikubaaqudgha
Makhleb
Nemelex Xobeh
Okawaru
Qazlal
Ru
Sif Muna
Trog
Uskayaw
Vehumet
Wu Jian
Xom
Yredelemnul
Zin
The Shining One

Shops:
D:10 (

Annotations:
D:3 1 runed door, galech's ghost, amateur OgBe
D:6 Sigmund


Innate Abilities, Weirdness & Mutations

You have a beak for a mouth.
You have claws for feet.
You can fly.


Message History

Confirm with . or Enter, or press ? or * to list all spells.
Aiming: Flame Tongue (safe; 1% risk of failure)
Press: ? - help, Shift-Dir - straight line, f/p - vampire
Aim: a vampire (moderately damaged, slightly transparent, covered in liquid flames)
The flame tongue hits the vampire.
The vampire appears unharmed.
The vampire is moderately damaged.
The vampire burns!
The vampire hits you.
* * * LOW HITPOINT WARNING * * *
The vampire bites you.
* * * LOW HITPOINT WARNING * * *
The vampire draws strength from your injuries!
Casting: Flame Tongue (safe; 1% risk of failure)
Confirm with . or Enter, or press ? or * to list all spells.
Aiming: Flame Tongue (safe; 1% risk of failure)
Press: ? - help, Shift-Dir - straight line, f/p - vampire
Aim: a vampire (moderately damaged, slightly transparent, covered in liquid flames)
The flame tongue hits the vampire.
The vampire is moderately damaged.
The vampire burns!
Something hits you!
You die...

######## #......######
#......#.@..#
#......#.{..#
#......#....#
#.>....#....#
#......#.)..#
########......#..###
.........##.###.%###..
........................
.........#..............


There were no monsters in sight!

Vanquished Creatures
  3 two-headed ogres
  Pikel (D:7)
  2 centaur zombies (D:11)
  A gargoyle (D:11)
  2 hornets (D:8)
  3 hippogriffs
  A shadow (D:11)
  6 yaks
  A wyvern (D:10)
  2 wraiths (D:11)
  2 soldier ants (D:8)
  Duvessa (D:6)
  A water moccasin (D:6)
  2 orc warriors
  3 black bears
  An eye of draining (D:9)
  3 ice beasts
  A slave (D:7)
  5 ogres
  A phantom (D:6)
  3 necrophages
  4 centaurs
  A big kobold (Sewer)
  Blork the orc (D:6)
  5 bullfrogs
  Dowan (D:6)
  A wyvern skeleton (D:9)
  2 water moccasin skeletons
  A killer bee (D:5)
  5 wights (D:9)
  3 centaur skeletons
  4 jellies
  2 bullfrog skeletons
  7 hounds
  6 orc priests
  6 orc wizards
  An iguana (D:11)
  8 worker ants
  A killer bee zombie (D:10)
  A hound zombie (D:9)
  A hound skeleton (D:10)
  A howler monkey skeleton (D:11)
  10 adders
  A river rat (Sewer)
  2 shadow imps
  An adder zombie (D:5)
  2 adder skeletons
  2 worms
  2 dart slugs (D:1)
  4 leopard geckos
  28 orcs
  8 bats
  5 giant cockroaches
  7 hobgoblins
  7 jackals
  11 kobolds
  A quokka (D:11)
  A ball python (D:2)
  8 frilled lizards
  3 goblins
  A jackal skeleton (D:6)
  A quokka skeleton (D:4)
  8 rats
220 creatures vanquished.

Vanquished Creatures (others)
  2 withered plants (D:3)
2 creatures vanquished.

Grand Total: 222 creatures vanquished

Notes
Turn   | Place    | Note
-------+----------+-------------------------------------------
     0 | D:1      | kae the Tengu Fire Elementalist began the quest for the Orb.
     0 | D:1      | Reached XP level 1. HP: 10/10 MP: 4/4
   355 | D:1      | Reached XP level 2. HP: 16/16 MP: 1/6
  1009 | D:2      | Reached XP level 3. HP: 19/20 MP: 5/7
  1206 | D:2      | Reached skill level 1 in Fighting
  1206 | D:2      | Reached skill level 4 in Fire Magic
  1619 | D:2      | Found a glowing silver altar of Zin.
  1782 | D:2      | Reached XP level 4. HP: 24/25 MP: 3/8
  2254 | D:3      | Found a glowing drain.
  2348 | Sewer    | Entered a sewer
  2674 | Sewer    | Noticed a big kobold
  2681 | Sewer    | Killed a big kobold
  2681 | Sewer    | Gained mutation: You can fly. [Tengu growth]
  2681 | Sewer    | Reached XP level 5. HP: 27/30 MP: 3/10
  2732 | Sewer    | Found a white marble altar of Elyvilon.
  3186 | D:3      | Found a runed door.
  3186 | D:3      | Noticed galech's ghost (amateur OgBe)
  3356 | D:3      | Reached skill level 5 in Fire Magic
  3548 | D:4      | Found a hazy altar of Hepliaklqana.
  4098 | D:4      | Reached XP level 6. HP: 19/35 MP: 1/11
  4836 | D:4      | Learned a level 2 spell: Throw Flame
  4840 | D:4      | Learned a level 3 spell: Conjure Flame
  5411 | D:4      | Reached skill level 1 in Staves
  5604 | D:4      | Found a sacrificial altar of Ru.
  5957 | D:5      | Entered Level 5 of the Dungeon
  6279 | D:5      | Reached skill level 1 in Evocations
  6279 | D:5      | Reached XP level 7. HP: 35/40 MP: 1/12
  6573 | D:5      | Reached skill level 6 in Fire Magic
  6825 | D:5      | Found a blossoming altar of Fedhas.
  6963 | D:5      | Found a staircase to the Ecumenical Temple.
  6994 | Temple   | Entered the Ecumenical Temple
  7099 | Temple   | Became a worshipper of Vehumet
  7241 | D:5      | Found a shattered altar of Ashenzari.
  7589 | D:5      | Reached XP level 8. HP: 46/46 MP: 11/14
  7861 | D:6      | Noticed Duvessa
  7861 | D:6      | Noticed Dowan
  7906 | D:6      | Killed Duvessa
  7906 | D:6      | Reached skill level 5 in Conjurations
  7912 | D:6      | Killed Dowan
  8035 | D:6      | Reached skill level 7 in Fire Magic
  8179 | D:6      | Noticed Sigmund
  8336 | D:6      | Learned a level 4 spell: Sticky Flame
  8342 | D:6      | Learned a level 5 spell: Fireball
  8754 | D:6      | Noticed Blork the orc
  8761 | D:6      | Killed Blork the orc
  9235 | D:7      | Reached XP level 9. HP: 9/52 MP: 11/16
  9659 | D:7      | Found a deep blue altar of Sif Muna.
  9669 | D:7      | Noticed Pikel
  9690 | D:7      | Killed Pikel
  9690 | D:7      | Reached skill level 8 in Fire Magic
 10575 | D:8      | Reached skill level 5 in Fighting
 10940 | D:8      | Reached skill level 5 in Spellcasting
 11145 | D:8      | Found a stormy altar of Qazlal.
 11369 | D:8      | Found a shadowy altar of Dithmenos.
 11445 | D:8      | Noticed a hornet
 11445 | D:8      | Noticed a hornet
 11456 | D:8      | Killed a hornet
 11456 | D:8      | Reached XP level 10. HP: 15/59 MP: 9/18
 11460 | D:8      | Reached skill level 9 in Fire Magic
 11812 | D:8      | Reached skill level 5 in Staves
 11960 | D:9      | Identified a scroll of acquirement
 12141 | D:9      | Reached * piety under Vehumet
 12141 | D:9      | Offered knowledge of Magic Dart by Vehumet.
 12834 | D:9      | Noticed a two-headed ogre
 12854 | D:9      | Killed a two-headed ogre
 12854 | D:9      | Reached skill level 5 in Evocations
 13216 | D:9      | Found a staircase to the Orcish Mines.
 13239 | D:9      | Found a staircase to the Lair.
 13258 | D:10     | Entered Level 10 of the Dungeon
 13258 | D:10     | Noticed a two-headed ogre
 13327 | D:10     | Reached skill level 5 in Dodging
 13327 | D:10     | Reached skill level 10 in Fire Magic
 13661 | D:10     | Killed a two-headed ogre
 13661 | D:10     | Reached XP level 11. HP: 63/63 MP: 5/20
 13931 | D:10     | Learned a level 1 spell: Magic Dart
 14271 | D:10     | Found Inniqum's Antique Weapon Shoppe.
 14280 | D:10     | Reached ** piety under Vehumet
 14280 | D:10     | Offered knowledge of Throw Frost by Vehumet.
 15076 | D:11     | Noticed a two-headed ogre
 15084 | D:11     | Killed a two-headed ogre
 15878 | D:11     | HP: 2/65 [something (10)]
 15883 | D:11     | HP: 3/66 [something (11)]
 15896 | D:11     | Slain by a vampire

Vault maps used:
D:1:      mrwooster_arrival_statue
D:2:      kennysheep_six_static_rooms, lemuel_crystal_altar, minmay_pentomino_x2
D:3:      cheibrodos_sewer_entry_drain, gammafunk_ghost_grave
D:4:      nicolae_overflow_hidden_temple, kennysheep_mini_moat, first_ration,
          grunt_decor_fettered, hangedman_abyss_or_decor_stagger
D:5:      kennysheep_big_flooded_room, temple_statues, basic_altar,
          evilmike_ruin_ashenzari
D:6:      grunt_ministairs_6, uniq_blork_the_orc, uniq_sigmund, uniq_duvessa
D:7:      led_sif_pool, uniq_pikel
D:8:      nicolae_qazlal_eye_of_the_storm, hangedman_pestilent_swarm,
          minmay_misc_feat_hallway, grunt_dithmenos_smoke
D:9:      lair_entry_dummy, orc_0_dummy, nicolae_benzene_ring
D:10:     serial_shops, nicolae_shop_behind_doors
D:11:     grunt_ministairs_15, grunt_decor_resistance, due_unseen_surprise
Temple:   minmay_crystal_spiral_temple
Sewer:    sewer_kobolds

Skill      XL: |  1  2  3  4  5  6  7  8  9 10 11 |
---------------+----------------------------------+-----
Conjurations   | 2 3 4 5 6 8 |  8.8
Fighting       | 1 2 3 4 5 6 |  6.6
Fire Magic     | 4 5 6 7 8 10 | 10.9
Spellcasting   | 3 4 5 6 |  6.3
Staves         | 1 2 3 4 6 |  6.7
Evocations     | 1 2 3 4 5 6 |  6.0
Dodging        | 3 5 |  5.9
Stealth        | |  2.0

Action                   |  1- 3 |  4- 6 |  7- 9 | 10-12 || total
-------------------------+-------+-------+-------+-------++-------
Melee: Unarmed           |     7 |       |       |       ||     7
       Peck              |     6 |     5 |     9 |     3 ||    23
       Short sword       |    33 |       |       |       ||    33
       Kick              |     9 |     3 |    14 |     3 ||    29
       Spear             |       |    14 |       |       ||    14
       Staff             |       |    12 |    63 |     7 ||    82
 Cast: Flame Tongue      |    31 |   113 |   163 |   273 ||   580
       Throw Flame       |       |    13 |    30 |    44 ||    87
       Conjure Flame     |       |     1 |    12 |    12 ||    25
       Sticky Flame      |       |       |     5 |    16 ||    21
Evoke: Staff of energy   |       |     1 |     1 |     5 ||     7
  Use: Scroll            |     3 |     7 |     3 |     3 ||    16
       Potion            |     1 |       |    14 |     6 ||    21
 Stab: Sleeping          |     4 |       |       |       ||     4
  Eat: Chunk             |     2 |    15 |    16 |    10 ||    43
       Ration            |       |       |       |     1 ||     1
Armor: Robe              |     9 |     8 |    13 |    15 ||    45
       Skin              |       |       |    32 |       ||    32
Dodge: Dodged            |    39 |    49 |    84 |    90 ||   262

Table legend:
 A = Spawn XP
 B = Non-spawn XP
 C = Spawn XP percentage of total XP
 D = Spawn monster count
 E = Non-spawn monster count
 F = Spawn count percentage of total count
 G = Total turns spent on level
                    A         B        C        D         E        F      G
               +---------+---------+-------+---------+---------+-------+---------
         Total |       0 |   15038 |   0.0 |       0 |     219 |   0.0 | 15896
               +---------+---------+-------+---------+---------+-------+---------
           D:1 |       0 |      22 |   0.0 |       0 |      12 |   0.0 |  1006
           D:2 |       0 |      81 |   0.0 |       0 |      23 |   0.0 |  1039
           D:3 |       0 |      42 |   0.0 |       0 |      17 |   0.0 |  1232
           D:4 |       0 |     270 |   0.0 |       0 |      23 |   0.0 |  2251
           D:5 |       0 |     735 |   0.0 |       0 |      26 |   0.0 |  1557
           D:6 |       0 |    1044 |   0.0 |       0 |      17 |   0.0 |  1543
           D:7 |       0 |    1623 |   0.0 |       0 |      11 |   0.0 |  1288
           D:8 |       0 |    1581 |   0.0 |       0 |      19 |   0.0 |  1687
           D:9 |       0 |    3154 |   0.0 |       0 |      23 |   0.0 |  1113
          D:10 |       0 |    2522 |   0.0 |       0 |      19 |   0.0 |  1179
          D:11 |       0 |    3849 |   0.0 |       0 |      22 |   0.0 |  1401
         Sewer |       0 |     115 |   0.0 |       0 |       7 |   0.0 |   429
               +---------+---------+-------+---------+---------+-------+---------
